 Dungeon Crawl Stone Soup version 0.30.1-9-gdf580d7c3d (webtiles) character file.

Game seed: 16741478355027259033

11 Chiseanne the Poker (level 2, 22/22 HPs)
             Began as a Demonspawn Wanderer on Oct 14, 2023.
             Quit the game on level 1 of the Dungeon.
             The game lasted 00:01:15 (733 turns).

Chiseanne the Poker (Demonspawn Wanderer)            Turns: 733, Time: 00:01:15

Health: 22/22      AC:  7    Str: 11    XL:     2   Next: 13%
Magic:  3/3        EV:  9    Int: 13    God:
Gold:   50         SH:  0    Dex: 13    Spells: 2/3 levels left

rFire   . . .        a - +2 spear
rCold   . . .        (no shield)
rNeg    . . .        k - +0 scale mail
rPois   .            (no helmet)
rElec   .            b - +0 cloak
rCorr   .            (no gloves)
SInv    .            (no boots)
Will    .....        i - amulet of regeneration Stlth
                     (no ring)
HPRegen 1.03/turn    (no ring)
MPRegen 0.08/turn

%: no passive effects
@: no status effects
A: claws 1
a: no special abilities


You were on level 1 of the Dungeon.
You visited 1 branch of the dungeon, and saw 1 of its levels.

You collected 50 gold pieces.

Inventory:

Hand Weapons
 a - a +2 spear (weapon)
Missiles
 j - 12 stones
Armour
 b - a +0 cloak (worn)
 k - a +0 scale mail (worn)
Jewellery
 d - a ring of willpower
 i - an amulet of regeneration (around neck)
Scrolls
 e - a scroll of noise {unknown}
 g - a scroll of butterflies {unknown}
Potions
 c - a potion of mutation
 f - 2 potions of cancellation {unknown}
 h - a potion of heal wounds {unknown}


   Skills:
 * Level 1.8 Fighting
 - Level 3.6 Polearms
 - Level 1.7 Armour
 - Level 1.7 Dodging
 - Level 1.0 Spellcasting
 - Level 1.0 Fire Magic


You had 2 spell levels left.
You knew the following spells:

 Your Spells              Type           Power      Damage    Failure   Level
a - Foxfire               Conj/Fire      4%         2x1d4     80%         1

Your spell library contained the following spells:

 Spells                   Type           Power      Damage    Failure   Level
 Sandblast                Erth           0%         2d4       86%         1
 Passwall                 Tmut/Erth      0%         N/A       94%         2
 Dazzling Flash           Conj/Hex       0%         N/A       99%         3
 Ignite Poison            Fire/Tmut/Pois 1%         N/A       99%         3
 Stone Arrow              Conj/Erth      0%         3d7       99%         3
 Agony                    Necr           0%         N/A       100%        5
 Silence                  Hex/Air        0%         N/A       100%        5


Dungeon Overview and Level Annotations

Branches:
Dungeon (1/15)

Altars:


Innate Abilities, Weirdness & Mutations

You have sharp fingernails.


Message History

k - a +0 scale mail You start removing your armour.
You continue taking off your +0 chain mail. x4
You finish taking off your +0 chain mail.
You start putting on your armour.
You continue putting on your +0 scale mail. x5
You finish putting on your +0 scale mail.
You drop a +0 chain mail.
j - 12 stones (gained 3)
You now have 39 gold pieces (gained 12).
g - a scroll labelled SAWURUBLE You open the door.
You open the door.
There is an open door here.
A hobgoblin comes into view.
The hobgoblin shouts!
The hobgoblin hits you but does no damage.
You hit the hobgoblin but do no damage. You closely miss the hobgoblin.
The hobgoblin misses you.
You hit the hobgoblin.
The hobgoblin is severely wounded.
The hobgoblin barely misses you.
You closely miss the hobgoblin.
The hobgoblin is severely wounded.
The hobgoblin barely misses you.
You hit the hobgoblin.
You kill the hobgoblin!
You now have 50 gold pieces (gained 11).
There is a stone staircase leading down here.
You pick up a book of Geomancy and begin reading...
You add the spells Sandblast, Passwall and Stone Arrow to your library.
A quokka comes into view.
The quokka closely misses you.
You see here 17 gold pieces.
You barely miss the quokka. The quokka barely misses you.
You hit the quokka but do no damage.
The quokka bites you but does no damage.
You hit the quokka but do no damage.
The quokka bites you but does no damage.
Are you sure you want to abandon this character and quit the game? (Confirm with "yes".)

.........# #.##.#
######...#####.##.#
....##..........#.#
....'.............#
....##.#....#####.#
..)..#.#.##.#.###.#
.....#.####.......#
#....... ......##.#
#.##.#.# ###..r@.#
#.##.#.# #..##.#
#.##.#.######..##.#
......†........####
#.####.#####...######
#.# #.#####........
#.# #............#
..# #............ ###
####.......#


You could see a quokka.

Vanquished Creatures
  A dart slug (D:1)
  A bat (D:1)
  An endoplasm (D:1)
  A hobgoblin (D:1)
  A ball python (D:1)
  5 frilled lizards (D:1)
10 creatures vanquished.

Notes
Turn   | Place    | Note
-------+----------+-------------------------------------------
     0 | D:1      | Chiseanne the Demonspawn Wanderer began the quest for the
                  | Orb.
     0 | D:1      | Chiseanne set off with the following items: a +2 spear, a
                  | +0 cloak, a potion of mutation, a +0 robe; and the
                  | following spell memorised: Foxfire; and the following
                  | spells available to memorise: Ignite Poison.
     0 | D:1      | Reached XP level 1. HP: 13/13 MP: 2/2
    48 | D:1      | Reached skill level 1 in Fighting
   483 | D:1      | Gained mutation: You have sharp fingernails. [demonic
                  | ancestry]
   483 | D:1      | Reached XP level 2. HP: 22/22 MP: 3/3
   733 | D:1      | Quit the game

Illustrated notes

Levels and vault maps discovered:
D:1:      roderic_crossed_star, layout_basic, minivault_26

Skill      XL: |  1 |
---------------+----+-----
Fighting       | 1 |  1.8
Polearms       | |  3.6
Armour         | |  1.7
Dodging        | |  1.7
Spellcasting   | |  1.0
Fire Magic     | |  1.0

Action                     || total
---------------------------++-------
  Melee: Spear             ||    32
    Use: Scroll            ||     1
 Armour: Chain mail        ||     5
         Robe              ||     3
         Scale mail        ||     3
  Dodge: Dodged            ||    14
